 Dungeon Crawl Stone Soup version 0.28.0 (webtiles) character file.

Game seed: 16994618194743561323

1988 horus123 the Destroyer (level 9, -1/45 HPs)
             Began as a Deep Elf Conjurer on Feb 13, 2022.
             Slain by Maggie (8 damage)
             ... on level 7 of the Dungeon.
             The game lasted 00:13:17 (6708 turns).

horus123 the Destroyer (Deep Elf Conjurer)          Turns: 6708, Time: 00:13:18

Health: -1/45      AC:  5    Str: 10    XL:     9   Next: 1%
Magic:  4/18       EV: 16    Int: 26    God:
Gold:   124        SH:  0    Dex: 13    Spells: 2/18 levels left

rFire   . . .      SeeInvis .   q - +1 short sword (freeze)
rCold   . . .      Faith    +   (no shield)
rNeg    . . .      Spirit   .   f - +0 robe
rPois   .          Reflect  .   (no helmet)
rElec   .          Harm     .   b - +1 cloak
rCorr   .          Rampage  .   r - +0 pair of gloves
Will    .....                   (no boots)
Stlth   ++........              u - amulet of the Queen {Faith Str+4}
HPRegen 0.15/turn               a - +4 ring of evasion
MPRegen 0.16/turn               (no ring)

@: mesmerised
A: no striking features
a: no special abilities


You were on level 7 of the Dungeon.
You visited 1 branch of the dungeon, and saw 7 of its levels.

You collected 380 gold pieces.
You spent 256 gold pieces at shops.

Inventory:

Hand Weapons
 q - a +1 short sword of freezing (weapon)
 s - a +0 longbow
Missiles
 d - 4 throwing nets
Armour
 b - a +1 cloak (worn)
 f - a +0 robe (worn)
 r - a +0 pair of gloves (worn)
Jewellery
 a - a +4 ring of evasion (left hand)
 l - a ring of protection from fire
 m - the amulet "Penneil" {RegenMP Rampage rElec Will+ Str-4}
   (You found it on level 5 of the Dungeon)

   [amulet of magic regeneration]

   It increases your rate of magic regeneration.
   Str:       It affects your strength (-4).
   rElec:     It insulates you from electricity.
   Rampage:   It bestows one free step when moving towards enemies.
   Will:      It increases your willpower.
 u - the amulet of the Queen (around neck) {Faith Str+4}
   (You bought it in a shop on level 6 of the Dungeon)

   [amulet of faith]

   It allows you to gain divine favour quickly.
   Str:       It affects your strength (+4).
 x - an amulet of reflection
Wands
 i - a wand of polymorph (7)
 j - a wand of flame (27)
 y - a wand of paralysis (7)
Scrolls
 k - a scroll of fog
 n - a scroll of identify
 t - a scroll of enchant armour
 w - a scroll of immolation {unknown}
Potions
 c - a potion of haste
 e - a potion of flight {unknown}
 g - a potion of might {unknown}
 h - a potion of heal wounds
 o - a potion of brilliance {unknown}
 p - a potion of lignification {unknown}
 v - a potion of berserk rage {unknown}


   Skills:
 - Level 2.4 Dodging
 - Level 2.4 Stealth
 - Level 5.1 Spellcasting
 - Level 9.3 Conjurations
 - Level 9.3 Hexes
 + Level 4.7 Translocations


You had 2 spell levels left.
You knew the following spells:

 Your Spells              Type           Power      Damage    Failure   Level
a - Magic Dart            Conj           100%       1d8       1%          1
b - Searing Ray           Conj           100%       2d8       1%          2
c - Fulminant Prism       Conj/Hex       26%        3d14      1%          4
d - Iskenderun's Mystic   Conj/Tloc      43%        2d10      4%          4
e - Freezing Cloud        Conj/Ice/Air   11%        6-21      52%         5

Your spell library contained the following spells:

 Spells                   Type           Power      Damage    Failure   Level
 Blink                    Tloc           62%        N/A       1%          2
 Pain                     Necr           24%        1d5       8%          1
 Dazzling Flash           Conj/Hex       100%       N/A       1%          3
 Lesser Beckoning         Tloc           31%        N/A       3%          3
 Mephitic Cloud           Conj/Pois/Air  22%        N/A       6%          3
 Ignite Poison            Fire/Tmut/Pois 6%         N/A       22%         3
 Manifold Assault         Tloc           31%        N/A       30%         5
 Agony                    Necr           6%         N/A       91%         5
 Excruciating Wounds      Necr           3%         N/A       91%         5


Dungeon Overview and Level Annotations

Branches:
Dungeon (7/15)             Temple (0/1) D:7

Altars:

Shops:
D:2 [   D:6 ?(*

Annotations:
D:7 Maggie


Message History

Casting: Iskenderun's Mystic Blast (dangerous; 4% risk of failure)
Confirm with . or Enter, or press ? or * to list all spells.
Aiming: Fulminant Prism (dangerous; 1% risk of failure)
Press: ? - help, Dir - move target, p - wyvern You conjure a prism of explosive energy!
A fulminant prism comes into view.
The wyvern barely misses you. The wyvern bites you!
Casting: Fulminant Prism (dangerous; 1% risk of failure)
Confirm with . or Enter, or press ? or * to list all spells.
You don't have enough magic to cast this spell.
Unknown command.
The wyvern bites you!
Your fulminant prism crackles loudly.
The wyvern closely misses you.
Your fulminant prism explodes!
You hear a shout!
The wyvern bites you but does no damage.
The wyvern barely misses you.
Found a stone staircase leading down.
The wyvern completely misses you. The wyvern bites you.
Found 18 stones.
The wyvern misses you. The wyvern bites you.
Maggie the Vainglorious comes into view.
She is wielding a +0 glaive of protection.
The wyvern bites you but does no damage.
Maggie shouts!
Found a scroll labelled DON BAIFAD.
Maggie casts a spell.
Maggie attempts to bespell you!
You are mesmerised by Maggie!
The wyvern misses you.
You cannot move away from Maggie!
Unknown command.
Found a staircase to the Ecumenical Temple.
Maggie casts a spell.
Maggie draws you further into her thrall.
The wyvern bites you!
* * * LOW HITPOINT WARNING * * *
Maggie hits you from afar with a +0 glaive of protection!
You die...

#.........####...#
#...............##
####.####.......#
#.# #.......# #.#
##.......### #.#
#...........
##.###..@.........
#.................#
#.......l@.........
#.........#.#.#.#.#
###
#.....###........
... #.(...#
#.#...... ###
#.....# #........
.## #.....#
#.#...>.. ...
#.....# #....?...
.## #.....#
#.#......


You could see Maggie (mesmerising) and a wyvern.

Vanquished Creatures
  Pikel (D:4)
  A wraith (D:7)
  A water moccasin (D:6)
  An ice beast (D:5)
  An orc warrior (D:7)
  2 ogres (D:5)
  3 lemures (D:4)
  A phantom (D:7)
  2 bullfrogs (D:7)
  2 scorpions
  A water moccasin zombie (D:6)
  4 killer bees (D:7)
  2 jellies
  A centaur skeleton (D:4)
  An orc priest (D:5)
  A hound (D:5)
  An orc wizard (D:6)
  3 gnolls (D:1)
  8 adders
  2 shadow imps (D:7)
  An adder skeleton (D:4)
  2 worms
  3 dart slugs
  13 orcs
  3 endoplasms
  4 giant cockroaches
  A goblin (D:1)
  8 hobgoblins
  4 kobolds
  6 quokkas
  5 ball pythons
  6 bats
  7 frilled lizards
  5 rats
107 creatures vanquished.

Vanquished Creatures (others)
  3 fulminant prisms (D:7)
  A fungus (D:1)
4 creatures vanquished.

Grand Total: 111 creatures vanquished

Notes
Turn   | Place    | Note
-------+----------+-------------------------------------------
     0 | D:1      | horus123 the Deep Elf Conjurer began the quest for the Orb.
     0 | D:1      | Reached XP level 1. HP: 10/10 MP: 6/6
   342 | D:1      | Reached XP level 2. HP: 15/15 MP: 6/9
   875 | D:1      | Learned a level 2 spell: Searing Ray
  1099 | D:1      | Reached skill level 5 in Spellcasting
  1099 | D:1      | Reached XP level 3. HP: 16/19 MP: 4/11
  1160 | D:1      | Reached skill level 5 in Conjurations
  1328 | D:2      | Reached XP level 4. HP: 24/24 MP: 9/13
  1609 | D:2      | Found Murchedd's Antique Armour Emporium.
  1893 | D:2      | Found a faded altar of an unknown god.
  1945 | D:2      | You fall into a shaft and drop 2 floors!
  2262 | D:3      | Reached XP level 5. HP: 28/28 MP: 11/14
  2894 | D:4      | Noticed Pikel
  2894 | D:4      | Noticed a lemure
  2894 | D:4      | Noticed a lemure
  2895 | D:4      | Noticed a lemure
  2896 | D:4      | Noticed a lemure
  3204 | D:4      | Killed a lemure
  3205 | D:4      | Killed a lemure
  3206 | D:4      | Killed a lemure
  3216 | D:4      | Killed Pikel
  3217 | D:4      | Reached XP level 6. HP: 17/32 MP: 4/15
  3217 | D:4      | Reached XP level 7. HP: 20/36 MP: 4/16
  3222 | D:4      | Learned a level 4 spell: Fulminant Prism
  3227 | D:4      | Learned a level 4 spell: Iskenderun's Mystic Blast
  3690 | D:5      | Entered Level 5 of the Dungeon
  3777 | D:5      | Identified the amulet "Penneil" {RegenMP Rampage rElec
                  | Will+ Str-4}
  3784 | D:5      | Reached skill level 1 in Hexes
  4147 | D:5      | Reached skill level 5 in Hexes
  4147 | D:5      | Reached XP level 8. HP: 41/41 MP: 10/17
  5304 | D:6      | Found Kuonga Kac's Weapon Emporium.
  5312 | D:6      | Bought a +0 longbow for 54 gold pieces
  5502 | D:6      | Found Piotzuow's Magic Scroll Shoppe.
  5513 | D:6      | Bought a scroll of enchant armour for 82 gold pieces
  5517 | D:6      | Found Qoyvvith's Assorted Antiques.
  5534 | D:6      | Bought a pitted brass amulet for 120 gold pieces
  5534 | D:6      | Identified the amulet of the Queen {Faith Str+4} (You
                  | bought it in a shop on level 6 of the Dungeon)
  5685 | D:6      | Lost strength.
  6162 | D:7      | Reached skill level 1 in Translocations
  6412 | D:7      | Learned a level 5 spell: Freezing Cloud
  6684 | D:7      | Reached XP level 9. HP: 43/45 MP: 10/18
  6703 | D:7      | Noticed Maggie
  6706 | D:7      | Found a staircase to the Ecumenical Temple.
  6708 | D:7      | Slain by Maggie

Illustrated notes

Levels and vault maps discovered:
D:1:      dpeg_cavernosity, layout_basic
D:2:      layout_rooms, shapermc_ecumenical_altar_starsandcircs, serial_shops,
          shop
D:3:      layout_rooms, nicolae_figureground_sparkle
D:4:      layout_rooms, uniq_pikel
D:5:      layout_basic, minmay_door_square
D:6:      layout_loops_ring, serial_shops, nicolae_diamond_shop,
          nicolae_shop_trees, nicolae_shop_stone, nrook_uturn
D:7:      layout_basic, chequers_temple_overflow_minitemple,
          minmay_temple_entry_glass, uniq_maggie

Skill      XL: |  1  2  3  4  5  6  7  8 |
---------------+-------------------------+-----
Spellcasting   | 4 5 |  5.1
Conjurations   | 5 6 9 |  9.3
Hexes          | 5 9 |  9.3
Translocations | 4 |  4.7
Dodging        | |  2.4
Stealth        | |  2.4

Action                   |  1- 3 |  4- 6 |  7- 9 || total
-------------------------+-------+-------+-------++-------
Melee: Unarmed           |     2 |     6 |       ||     8
 Cast: Magic Dart        |    49 |    78 |    98 ||   225
       Searing Ray       |     2 |     3 |    16 ||    21
       Fulminant Prism   |       |       |     3 ||     3
       Iskenderun's Myst |       |       |     2 ||     2
  Use: Scroll            |       |     4 |     5 ||     9
       Potion            |       |     1 |     1 ||     2
 Stab: Confused          |       |     1 |       ||     1
Armor: Robe              |     7 |     1 |    11 ||    19
Dodge: Dodged            |    15 |    11 |    38 ||    64
